 Dungeon Crawl Stone Soup version 0.23.0 (webtiles) character file.

Game seed: 5635127571428468526

177 Kairos the Shield-Bearer (level 5, -1/28 HPs)
             Began as a Vine Stalker Fighter on Feb 10, 2019.
             Slain by an adder (3 damage)
             ... in a sewer.
             The game lasted 00:03:05 (2026 turns).

Kairos the Shield-Bearer (Vine Stalker Fighter)     Turns: 2026, Time: 00:03:06

Health: -1/28      AC:  9    Str: 25    XL:     5   Next: 57%
Magic:  0/6        EV:  4    Int:  8    God:
Gold:   152        SH: 17    Dex: 13    Spells: 4/4 levels left

rFire    . . .     SeeInvis .   a - +0 war axe
rCold    . . .     Gourm    .   t - +2 large shield
rNeg     . . .     Faith    .   e - +0 chain mail
rPois    .         Spirit   +   (no helmet)
rElec    .         Reflect  .   (no cloak)
rCorr    .         Harm     .   (no gloves)
MR       .....                  (no boots)
Stlth    ..........             q - amulet of inaccuracy (curse)
HPRegen  0.49/turn              i - ring of flight (curse)
MPRegen  0.10/turn              (no ring)

@: mighty
A: fangs 2, regeneration 1, magic shield, antimagic bite, no potion heal 3, rot
immunity
a: Evoke Flight


You were in a sewer.
You were hungry.

You visited 1 branch of the dungeon, and saw 3 of its levels.
You also visited: Sewer.

You collected 152 gold pieces.

Inventory:

Hand Weapons
 a - a +0 war axe (weapon)
 l - a +1 whip of pain
Armour
 b - a +0 scale mail
 c - a +0 shield
 e - a +0 chain mail (worn)
 t - a +2 large shield (worn)
Jewellery
 i - a cursed ring of flight (left hand)
 q - a cursed amulet of inaccuracy (around neck)
Scrolls
 g - 3 scrolls of amnesia
 h - a scroll of identify {unknown}
 m - a scroll of enchant armour {unknown}
 n - a scroll of magic mapping {unknown}
 p - a scroll of random uselessness {unknown}
 s - 2 scrolls of teleportation {unknown}
Potions
 j - a potion of flight {unknown}
 k - 2 potions of degeneration {unknown}
 o - a potion of mutation {unknown}
 r - a potion of cancellation {unknown}
 u - a potion of curing {unknown}
 v - a potion of heal wounds {unknown}
 w - a potion of agility {unknown}
Comestibles
 f - 4 rations


   Skills:
 + Level 3.3 Fighting
 + Level 3.2 Axes
 + Level 3.2 Armour
 + Level 0.1 Dodging
 + Level 3.6 Shields


You had 4 spell levels left.
You didn't know any spells.
Your spell library was empty.

Dungeon Overview and Level Annotations

Branches:
Dungeon (3/15)

Altars:


Innate Abilities, Weirdness & Mutations

You have extremely sharp teeth.
Your natural rate of healing is unusually fast.
When hurt, damage is shared between your health and your magic reserves.
Your bite disrupts and absorbs the magic of your enemies.
Potions cannot restore your health.
You are immune to rotting.


Message History

You feel invigorated.
The adder is almost dead.
You hit the river rat. You closely miss the rat.
The river rat barely misses you. You block the adder's attack.
You block the rat's attack. The rat bites you.
* * * LOW HITPOINT WARNING * * *
The river rat bites you but does no damage.
The adder bites you but does no damage.
Unknown command.
You feel very mighty all of a sudden. You block the rat's attack.
You block the adder's attack. The river rat bites you!
* * * LOW HITPOINT WARNING * * *
The rat bites you but does no damage.
You barely miss the river rat. Your bite misses the river rat.
The river rat is moderately wounded.
You barely miss the adder. You slash the rat!
You kill the rat!
You closely miss the rat. The adder bites you.
You die...

##### #∩..## ##### ####
##...######..#####..∩# #
####..###......#####..##...######
.#..............†##.......#####..
)#..............†..........##....
)'...............†.............÷.
)#..≈≈..≈.≈......................
.#≈≈≈≈≈≈≈≈.≈..≈............≈.....
##≈≈≈≈≈≈≈≈≈≈≈..≈@rr.....≈≈≈≈≈≈≈≈≈
#≈≈≈≈≈≈≈≈≈≈≈≈≈≈Sr...≈≈≈≈≈≈≈≈≈≈≈≈
#≈≈≈≈≈≈≈≈≈≈≈≈≈≈≈≈≈≈≈r≈≈≈≈≈≈≈≈≈≈≈≈
≈#≈≈≈≈≈≈≈≈≈≈≈≈≈≈≈≈≈≈≈≈≈≈≈≈≈≈≈≈≈≈≈
#≈≈≈≈≈≈≈≈≈≈≈≈≈≈..........≈≈≈≈≈≈≈≈
≈≈≈≈≈≈≈≈..≈...........
≈≈≈##.≈....##........
......####.......


You could see an adder, a river rat and 3 rats.

Vanquished Creatures
  A big kobold (Sewer)
  A gnoll (D:1)
  2 adders (D:2)
  A river rat (Sewer)
  3 worms
  A dart slug (D:1)
  A leopard gecko (D:2)
  An orc (D:3)
  8 bats
  2 giant cockroaches
  5 goblins
  6 hobgoblins
  A quokka (D:2)
  3 ball pythons
  2 frilled lizards
  10 kobolds
  15 rats
63 creatures vanquished.

Notes
Turn   | Place    | Note
-------+----------+-------------------------------------------
     0 | D:1      | Kairos the Vine Stalker Fighter began the quest for the
                  | Orb.
     0 | D:1      | Reached XP level 1. HP: 11/11 MP: 2/2
    26 | D:1      | Reached XP level 2. HP: 15/16 MP: 3/3
   407 | D:1      | Reached XP level 3. HP: 19/20 MP: 4/4
   838 | D:2      | Gained mutation: Your natural rate of healing is unusually
                  | fast. [Vine Stalker growth]
   838 | D:2      | Reached XP level 4. HP: 11/24 MP: 3/5
  1823 | D:3      | Found a glowing drain.
  1860 | Sewer    | Entered a sewer
  1896 | Sewer    | Noticed a big kobold
  1907 | Sewer    | Killed a big kobold
  1907 | Sewer    | Reached XP level 5. HP: 27/28 MP: 4/6
  2026 | Sewer    | Slain by an adder

Skill      XL: |  1  2  3  4 |
---------------+-------------+-----
Fighting       | 3 |  3.3
Axes           | 2 3 |  3.2
Shields        | 3 |  3.6
Armour         | 3 |  3.2
Dodging        | |  0.1

Action                   |  1- 3 |  4- 6 || total
-------------------------+-------+-------++-------
Melee: War axe           |    72 |   108 ||   180
       Bite              |    18 |    25 ||    43
  Use: Scroll            |       |     1 ||     1
       Potion            |       |     1 ||     1
  Eat: Chunk             |       |     3 ||     3
Armor: Scale mail        |     9 |       ||     9
       Chain mail        |    37 |    74 ||   111
Dodge: Dodged            |    14 |    21 ||    35
Block: Shield            |    43 |     6 ||    49
       Large shield      |       |   120 ||   120
